 Dungeon Crawl Stone Soup version 0.23-a0-315-ga85b81c (webtiles) character file.

1891 MisterFreud the Martial Artist (level 8, 0/59 HPs)
             Began as a Red Draconian Transmuter on Oct 11, 2018.
             Was an Initiate of Gozag.
             Slain by a wyvern zombie (10 damage)
             ... on level 6 of the Dungeon on Oct 13, 2018.
             The game lasted 00:15:48 (5861 turns).

MisterFreud the Martial Artist (DrTm)               Turns: 5861, Time: 00:15:49

Health: 0/59       AC:  6    Str: 12    XL:     8   Next: 93%
Magic:  9/15       EV: 12    Int: 16    God:    Gozag
Gold:   407        SH:  0    Dex: 12    Spells: 10/16 levels left

rFire    + + .     SeeInvis .     - Unarmed
rCold    . . .     Gourm    .   (no shield)
rNeg     . . .     Faith    .   (armour unavailable)
rPois    .         Spirit   .   (helmet restricted)
rElec    .         Reflect  .   (no cloak)
rCorr    .         Harm     .   (no gloves)
MR       .....                  (no boots)
Stlth    +.........             (no amulet)
HPRegen  0.19/turn              f - ring of protection from fire
MPRegen  0.14/turn              n - +2 ring of slaying

@: gold aura
A: breathe fire, unfitting armour, fire resistance 1, cold-blooded, AC +6
a: Breathe Fire, Potion Petition, Call Merchant, Bribe Branch, Renounce Religion


You were on level 6 of the Dungeon.
You worshipped Gozag.
Gozag was aware of your devotion.
You were not hungry.

You visited 1 branch of the dungeon, and saw 6 of its levels.

You collected 407 gold pieces.

Inventory:

Hand Weapons
 w - the +8 whip "Lyecisi" {antimagic, rPois rF+ rC- SInv}
   (You found it on level 6 of the Dungeon)

   It reduces the magical energy of the wielder, and disrupts the spells and
   magical abilities of those hit.
   Natural abilities and divine invocations are not affected.
   It protects you from fire.
   It makes you vulnerable to cold.
   It protects you from poison.
   It lets you see invisible.
Missiles
 a - 101 arrows
 b - 42 sling bullets
 g - 62 bolts
 h - 150 stones (quivered)
 p - 3 needles of confusion
Jewellery
 f - a ring of protection from fire (left hand)
 n - a +2 ring of slaying (right hand)
Scrolls
 j - a scroll of enchant armour {unknown}
 o - a scroll of fear {unknown}
 q - a scroll of amnesia {unknown}
 r - 4 scrolls of teleportation {unknown}
 s - a scroll of noise {unknown}
 u - a scroll of remove curse {unknown}
Potions
 d - 2 potions of might
 e - 2 potions of agility
 i - 2 potions of flight
 k - 2 potions of invisibility {unknown}
 l - a potion of heal wounds {unknown}
 m - a potion of curing {unknown}
 t - a potion of brilliance {unknown}
 v - a potion of cancellation {unknown}
Comestibles
 c - 9 rations


   Skills:
 - Level 1.1 Fighting
 - Level 1.7 Dodging
 + Level 9.9 Unarmed Combat
 + Level 4.6 Spellcasting
 - Level 5.2 Transmutations


You had 10 spell levels left.
You knew the following spells:

 Your Spells              Type           Power        Failure   Level  Hunger
a - Beastly Appendage     Tmut           ###...       1%          1    None
b - Sticks to Snakes      Tmut           ###.....     2%          2    ##.....
c - Spider Form           Tmut/Pois      ##........   16%         3    ###....

Your spell library contained the following spells:

 Spells                   Type           Power        Failure   Level  Hunger
 Blade Hands              Tmut           ###.......   45%         5    ######.
 Ice Form                 Ice/Tmut       ##......     47%         4    ####...
 Haunt                    Necr/Summ      #.........   100%        7    #######
 Borgnjor's Revivificati  Necr           #.........   100%        8    #######
 Death's Door             Chrm/Necr      #.........   100%        8    #######
 Infestation              Necr           #.........   100%        8    #######
 Necromutation            Tmut/Necr      ##........   100%        8    #######


Dungeon Overview and Level Annotations

Branches:
Dungeon (6/15)             Temple (0/1) D:6

Altars:
Cheibriados
Gozag
Xom


Innate Abilities, Weirdness & Mutations

You can breathe blasts of fire.
Your fiery red scales are hard. (AC +6)
You cannot fit into any form of body armour.
Your flesh is heat resistant. (rF+)
You are cold-blooded and may be slowed by cold attacks.


Message History

The wyvern zombie is lightly damaged.
The wyvern zombie bites you!
* * * LOW HITPOINT WARNING * * *
You barely miss the wyvern zombie.
The wyvern zombie is lightly damaged.
The wyvern zombie becomes distracted by the nearby gold, dreaming of imaginary You hit the wyvern zombie.
The wyvern zombie is no longer distracted by gold.
You tail-slap the wyvern zombie, but do no damage.
The wyvern zombie is moderately damaged.
The wyvern zombie bites you but does no damage.
You punch the wyvern zombie! You tail-slap the wyvern zombie.
You punch the wyvern zombie.
The wyvern zombie is heavily damaged.
The wyvern zombie barely misses you.
You hit the wyvern zombie.
The wyvern zombie is heavily damaged.
The wyvern zombie bites you!
You die...
Your body crumbles into a pile of gold.

..........#.........
....).....#......... #
..........#.........
#.##.######.#.........
#... #.#.......##
#..## #.###.##### ...
#.#...######
##.######...#.#.....
#..@......###...####
#..Z$.....###...###.
#.................##..
###.........#####..#.#
#........$# ##...#
#.........# ##..#
#..<......# ####
#.$.......#
###########


You could see a wyvern zombie.

Vanquished Creatures
  Grinder (D:4)
  Sigmund (D:3)
  Edmund (D:6)
  An orc warrior (D:5)
  2 sky beasts (D:4)
  A phantom (D:6)
  A centaur (D:6)
  An ogre (D:5)
  A scorpion (D:4)
  2 howler monkeys
  2 crimson imps
  A bullfrog zombie (D:4)
  A centaur zombie (D:6)
  2 orc priests
  3 hounds
  6 orc wizards
  A centaur skeleton (D:3)
  Terence (D:3)
  A worker ant (D:4)
  A hound zombie (D:3)
  A howler monkey zombie (D:3)
  A worker ant zombie (D:3)
  4 gnolls (D:4)
  6 adders
  A shadow imp (D:5)
  An adder zombie (D:3)
  4 oozes
  4 worms
  2 dart slugs (D:1)
  3 leopard geckos
  18 orcs
  2 ball pythons
  4 giant cockroaches
  11 goblins
  9 hobgoblins
  10 jackals
  A quokka (D:6)
  15 bats
  2 frilled lizards
  A jackal skeleton (D:3)
  3 kobolds
  A leopard gecko skeleton (D:3)
  A quokka skeleton (D:4)
  14 rats
150 creatures vanquished.

Vanquished Creatures (collateral kills)
  2 adders (D:3)
2 creatures vanquished.

Grand Total: 152 creatures vanquished

Notes
Turn   | Place    | Note
-------+----------+-------------------------------------------
     0 | D:1      | MisterFreud the Draconian Transmuter began the quest for
                  | the Orb.
     0 | D:1      | Reached XP level 1. HP: 16/16 MP: 3/3
    75 | D:1      | Reached XP level 2. HP: 22/23 MP: 5/5
   527 | D:1      | Reached skill level 4 in Unarmed Combat
   739 | D:1      | Reached XP level 3. HP: 28/28 MP: 6/6
  1061 | D:2      | Learned a level 2 spell: Sticks to Snakes
  1065 | D:2      | Learned a level 3 spell: Spider Form
  1442 | D:2      | Reached XP level 4. HP: 28/35 MP: 7/7
  1453 | D:2      | Reached skill level 5 in Unarmed Combat
  2015 | D:3      | Reached XP level 5. HP: 26/40 MP: 8/8
  2069 | D:3      | Noticed Sigmund
  2077 | D:3      | Killed Sigmund
  2077 | D:3      | Reached skill level 6 in Unarmed Combat
  2077 | D:3      | Reached XP level 6. HP: 40/47 MP: 5/9
  2106 | D:3      | Noticed Terence
  2120 | D:3      | Killed Terence
  3156 | D:4      | Noticed Grinder
  3177 | D:4      | Killed Grinder
  3177 | D:4      | Reached skill level 5 in Transmutations
  3177 | D:4      | Your scales start taking on a fiery red colour.
  3177 | D:4      | Reached XP level 7. HP: 11/52 MP: 10/10
  3177 | D:4      | Gained mutation: Your flesh is heat resistant. (rF+) [Red
                  | Draconian growth]
  3456 | D:4      | Reached skill level 7 in Unarmed Combat
  3486 | D:4      | Upgraded the game from 0.23-a0-309-ge7838e6 to
                  | 0.23-a0-315-ga85b81c
  3717 | D:4      | Reached skill level 8 in Unarmed Combat
  3986 | D:3      | HP: 2/52 [poisoned by a scorpion]
  3993 | D:3      | HP: 2/52 [poisoned by a scorpion]
  4001 | D:3      | HP: 1/52 [poisoned by a scorpion]
  4303 | D:4      | Reached XP level 8. HP: 59/59 MP: 11/11
  4504 | D:4      | Found a faded altar of an unknown god.
  4504 | D:4      | Found a shimmering altar of Xom.
  4509 | D:4      | Found an opulent altar of Gozag.
  4511 | D:4      | Found a faded altar of an unknown god.
  4513 | D:4      | Found a snail-covered altar of Cheibriados.
  4518 | D:4      | Became a worshipper of Gozag Ym Sagoz the Greedy
  4966 | D:5      | Entered Level 5 of the Dungeon
  4975 | D:5      | Reached skill level 9 in Unarmed Combat
  5770 | D:6      | Found a staircase to the Ecumenical Temple.
  5813 | D:6      | Got a smoking whip
  5814 | D:6      | Identified the +8 whip "Lyecisi" {antimagic, rPois rF+ rC-
                  | SInv} (You found it on level 6 of the Dungeon)
  5837 | D:6      | Noticed Edmund
  5855 | D:6      | Killed Edmund
  5861 | D:6      | Slain by a wyvern zombie

Vault maps used:
D:1:      lightli_arrival_flooded_house, hex_tiny
D:2:      first_ration
D:3:      serial_undead, serial_undead_d, serial_undead_a, serial_undead_b,
          serial_undead_f, serial_undead_d, serial_undead_d, uniq_terence,
          uniq_sigmund
D:4:      chequers_temple_overflow_minitemple, minmay_misc_feat_hallway,
          uniq_grinder
D:6:      zin_angel, minmay_temple_entry_trees, kb_xom_exploding_sheep,
          uniq_edmund

Skill      XL: |  1  2  3  4  5  6  7  8 |
---------------+-------------------------+-----
Unarmed Combat | 4 5 6 8 9 |  9.9
Transmutations | 5 |  5.2
Spellcasting   | 4 |  4.6
Fighting       | |  1.1
Dodging        | |  1.7

Action                   |  1- 3 |  4- 6 |  7- 9 || total
-------------------------+-------+-------+-------++-------
Melee: Unarmed           |   158 |   230 |   258 ||   646
       Tailslap          |    20 |    22 |    33 ||    75
       Punch             |     2 |     6 |     7 ||    15
       Kick              |     2 |     3 |       ||     5
       Headbutt          |     2 |       |       ||     2
 Cast: Beastly Appendage |     3 |     1 |       ||     4
       Sticks to Snakes  |     1 |     6 |       ||     7
       Spider Form       |       |     2 |     1 ||     3
 Abil: Breathe Fire      |       |       |     1 ||     1
  Use: Scroll            |     2 |     1 |     3 ||     6
 Stab: Sleeping          |       |     1 |     1 ||     2
       Distracted        |       |       |     2 ||     2
  Eat: Chunk             |     1 |     8 |     2 ||    11
       Ration            |       |       |     2 ||     2
Armor: Skin              |    58 |    66 |    59 ||   183
Dodge: Dodged            |   121 |   122 |    95 ||   338

Table legend:
 A = Non-vault XP
 B = Vault XP
 C = Vault XP percentage of total XP
 D = Non-vault monster count
 E = Vault monster count
 F = Vault count percentage of total count
                 A         B        C        D         E       F
            +---------+---------+-------+---------+---------+-------
      Total |    1973 |     729 |  27.0 |     141 |      11 |   7.2
            +---------+---------+-------+---------+---------+-------
        D:1 |      47 |       0 |   0.0 |      26 |       0 |   0.0
        D:2 |      70 |       0 |   0.0 |      23 |       0 |   0.0
        D:3 |     230 |     358 |  60.9 |      39 |       9 |  18.8
        D:4 |     747 |     213 |  22.2 |      24 |       1 |   4.0
        D:5 |     535 |       0 |   0.0 |      21 |       0 |   0.0
        D:6 |     344 |     158 |  31.5 |       8 |       1 |  11.1
            +---------+---------+-------+---------+---------+-------
